[Event "12th WLC Weekend 2022"]
[Site "Eindhoven"]
[Date "2022.05.15"]
[Round "6.3"]
[White "Baselmans, Luuk"]
[Black "Jansen, Bob"]
[Result "1-0"]
[ECO "B04"]
[WhiteElo "2233"]
[BlackElo "2174"]
[Annotator "TA"]
[PlyCount "65"]
[EventDate "2022.05.13"]
[EventType "swiss"]
[EventCountry "NED"]
[SourceTitle "playchess.com"]
[Source "ChessBase"]
[SourceQuality "1"]
[TimeControl "5400+30"]

1. e4 Nf6 2. e5 Nd5 3. d4 d6 4. Nf3 g6 5. Bc4 Nb6 6. Bb3 Bg7 7. Ng5 e6 {[%emt 0:00:02] 7...e6 is better than 7...d5.} 8. Qf3 Qe7 9. Ne4 $1 h6 {[%emt 0:00:19] Against Bg5. B04: Alekhine's Defence: 4 Nf3.} 10. Nf6+ Kf8 11. Be3 Nc6 {[%emt 0:03:51] Black is slightly better.} 12. Ne4 dxe5 {[%emt 0:04:26] [#]} 13. dxe5 $146 ({Predecessor:} 13. d5 Nd4 14. Bxd4 exd4 15. dxe6 Bxe6 16. Bxe6 Qxe6 17. Nbd2 Kg8 18. O-O Qc6 19. Nb3 {0-1 (29) Uehara,S (1987)-Janev,E (2497) Cappelle la Grande 2011}) 13... Nxe5 14. Qg3 {[%emt 0:00:22] aiming for Bc5.} Nbd7 {[%emt 0:01:26] Against Bc5} (14... Ned7 $5 15. Nbc3 Nd5 $15) 15. Nbc3 f5 16. Nd2 Ng4 17. O-O-O (17. h3 $15 Nxe3 18. Qxe3) 17... Nxe3 (17... Bxc3 $17 18. bxc3 e5) 18. Qxe3 $11 Nc5 19. Rhe1 {[%emt 0:02:02][%cal Oc3d5] Hoping for Nd5!} Bf6 20. Nf3 Kg7 {[%emt 0:05:40] [#]} (20... a5 $11 {keeps the balance.}) 21. Ne5 (21. Nd5 $1 $16 exd5 22. Qxe7+ Bxe7 23. Rxe7+ Kf6 24. Rxc7) 21... Re8 (21... b6 $5 ) 22. f4 Nd7 (22... c6 $11) 23. Nxg6 $1 $16 {[%emt 0:06:05] 0x0.001df4f2a3f9dp-1022s more active pieces. Pair of Knights!} Qf7 (23... Kxg6 $16 24. Qg3+ Kf7) 24. Nb5 $18 (24. Ne5 $2 Nxe5 25. h3 (25. fxe5 $2 Bg5 $19) 25... Ng6 $19) 24... Kxg6 $2 (24... Qxg6 25. Nxc7 Nb6) 25. Nxc7 Nb6 26. Nxa8 ({White must play} 26. Nxe8 $18 Qxe8 27. c3 (27. Bxe6 Bxe6 28. Qxe6 Qxe6 $16)) 26... Nxa8 $16 {[%emt 0:00:01] [#]} 27. g4 $1 ({Much less strong is} 27. Qxa7 Nc7 $14) 27... fxg4 {[%emt 0:01:21] [#]} 28. f5+ (28. Rg1 $1 $16 Kh7 29. Rxg4) 28... Kxf5 ({Black should play} 28... Kg7 $14 29. fxe6 Qe7) 29. Qe4+ ({Weaker is} 29. Qxa7 Nc7 $11) 29... Kg5 30. Kb1 $40 {[%emt 0:04:29][%cal Oh2h3][%mdl 128] And now h3! would win. White wants a kill. Really sharp!} Nb6 $2 (30... Qh5 $2 31. Rg1 Rf8 32. Bxe6 Bxe6 33. h4+ Qxh4 34. Qxe6 $18) (30... h5 $16) 31. h4+ $2 (31. h3 $18 h5 32. hxg4 (32. Rf1 Qg7 $16)) 31... Kxh4 (31... Kh5 $16) 32. Rh1+ Kg5 33. Qe3+ {[%emt 0:00:10] Weighted Error Value: White=0.35/Black=0.70} 1-0

[Event "12th WLC Weekend 2022"]
[Site "Eindhoven"]
[Date "2022.05.15"]
[Round "6.4"]
[White "Coenen, Eduard"]
[Black "Grooten, Herman"]
[Result "1-0"]
[ECO "A48"]
[WhiteElo "2030"]
[BlackElo "2286"]
[Annotator "TA"]
[PlyCount "109"]
[EventDate "2022.05.13"]
[EventType "swiss"]
[EventCountry "NED"]
[SourceTitle "playchess.com"]
[Source "ChessBase"]
[SourceQuality "1"]
[TimeControl "5400+30"]

1. d4 Nf6 2. c3 g6 3. Bf4 Bg7 4. e3 d6 5. h3 O-O 6. Nf3 Nfd7 7. Be2 e5 {[%emt 0:02:55] A48: 1 d4 Nf6 2 Nf3 g6: Torre, London and Colle Systems.} 8. dxe5 dxe5 9. Bh2 Qe7 {[%emt 0:00:36] The position is equal.} 10. O-O a5 {[%emt 0:02:01] [#]} 11. Na3 $146 (11. Nbd2 $11) ({Predecessor:} 11. a4 Nc5 12. e4 Nxe4 13. Qd5 Nc5 14. b4 Ncd7 15. b5 Nb6 16. Qe4 N8d7 17. Qe3 {0-1 (44) Lenninger,R (1914)-Bryzgalin,K (2435) Bregenz 2018}) 11... Nc5 $15 12. Qc1 Bf5 13. Rd1 Nc6 14. Bb5 Na7 15. Bf1 Rfd8 16. Ne1 h5 17. Nc4 Nc6 18. Rxd8+ Rxd8 19. Nd2 Kh7 20. Bb5 Na7 21. Bf1 a4 22. e4 {[%emt 0:02:26] [#]} (22. Nef3 $15) 22... Bxh3 $1 $17 {[%emt 0:07:05][%cal Og7h6][%mdl 512] Strongly threatening ...Bh6!} 23. b4 {[%emt 0:04:44] [#]} Bh6 (23... axb3 $1 $17 {[%cal Og7h6] Hoping for ...Bh6!} 24. axb3 (24. Nxb3 Be6) 24... Nc6 $1 25. gxh3 Qg5+ 26. Bg2 Qxd2 27. Qxd2 Rxd2) 24. f4 $1 $11 exf4 25. Ndf3 {[%emt 0:05:15] [#]} (25. bxc5 $11 {remains equal.} Bg4 26. Ndf3) 25... Bc8 26. bxc5 $15 Qxe4 27. Kh1 Nc6 28. Qc2 Qe7 29. Bg1 (29. Qxa4 g5 $14) 29... Bf5 30. Qxa4 g5 31. Bf2 g4 32. Bh4 f6 33. Nd4 Be4 34. Bd3 {[%emt 0:00:46] Nxc6 is the strong threat.} Bxd3 {[%emt 0:00:48] A mistake that costs the game.} (34... Nxd4 $1 $14 35. Bxe4+ (35. cxd4 Bg5 $14) 35... Qxe4 36. Bxf6 Rf8 37. Qxd4 Qe2) 35. Nxd3 $18 Nxd4 36. cxd4 Qe3 {[%emt 0:00:50] Prevents Ne5.} (36... Qe4 $142) 37. Qc2 $1 (37. Bxf6 f3 $1 38. Qc2 (38. Bxd8 {gets mated.} fxg2+ 39. Kxg2 Qf3+ 40. Kh2 Qh3+ 41. Kg1 Be3+ 42. Nf2 Qg3+ 43. Kh1 Qf3+ 44. Kh2 Qxf2+ 45. Kh1 Qf3+ 46. Kh2 Qh3#) 38... fxg2+ 39. Qxg2 Rf8 $11) 37... Rxd4 $2 {[%emt 0:01:02] [#]} (37... Qe4 {was necessary.} 38. Re1 Qf5 39. Re7+ Kg8 40. Qb3+ (40. Rxc7 Rxd4 41. Qb3+ Qd5 $18) 40... Qd5 41. Qxd5+ Rxd5 42. Bxf6 Rf5) 38. Nxf4+ (38. c6 $142 $1 Qxd3 39. Qxd3+ Rxd3 40. cxb7) 38... Qe4 39. Qxe4+ Rxe4 40. Nxh5 Kg6 41. Nxf6 Rc4 42. Nd7 Bg7 {[%emt 0:00:21] Against Ne5+} 43. Re1 Kf5 44. Bg3 c6 45. Kh2 Ra4 46. Re2 Ra8 47. Nb6 Rh8+ 48. Kg1 Bd4+ 49. Bf2 Be5 (49... Bxf2+ {might work better.} 50. Rxf2+ Ke4) 50. g3 {[%emt 0:01:08] White is clearly winning.} Rd8 51. Kg2 Rd3 52. Nc4 Bb8 53. Rd2 Rc3 54. Nd6+ Ke6 55. Nxb7 {[%emt 0:01:07] Weighted Error Value: White=0.21 (precise) /Black=0.35} 1-0

[Event "12th WLC Weekend 2022"]
[Site "Eindhoven"]
[Date "2022.05.15"]
[Round "6.5"]
[White "Koster, Chiel"]
[Black "Van Roon, Sjoerd"]
[Result "1/2-1/2"]
[ECO "B90"]
[WhiteElo "1924"]
[BlackElo "2264"]
[Annotator "TA"]
[PlyCount "114"]
[EventDate "2022.05.13"]
[EventType "swiss"]
[EventCountry "NED"]
[SourceTitle "playchess.com"]
[Source "ChessBase"]
[SourceQuality "1"]
[TimeControl "5400+30"]

1. e4 c5 2. Nf3 d6 3. d4 cxd4 4. Nxd4 Nf6 5. Nc3 a6 6. h3 e5 {[%emt 0:01:29] 6...e5 is better than 6...e6.} 7. Nde2 Be7 8. g4 {[%emt 0:00:08] B90: Sicilian Najdorf: Unusual White 6th moves, 6 Be3 Ng4 and 6 Be3 e5.} h6 9. Bg2 b5 10. Be3 {[%emt 0:00:29] White has an edge.} Bb7 11. O-O O-O 12. Ng3 b4 13. Nd5 {[%emt 0:01:12] White is more active.} Nxd5 14. exd5 Bg5 15. Qd2 {[%emt 0:00:23] [#]} ({White should try} 15. Ne4 $16) 15... Bxe3 $146 ({Predecessor:} 15... a5 16. a3 Bxe3 17. fxe3 Na6 18. Rf2 bxa3 19. Rxa3 Nc5 20. Ne4 Nxe4 21. Bxe4 Bc8 {0-1 (43) Gavi,S (1971)-Sanjeev,K (2156) Mumbai 2016}) 16. fxe3 a5 17. Rf2 (17. a3 $5 ) 17... Nd7 18. Nf5 Nc5 19. a3 b3 20. c3 Ba6 21. e4 Kh7 22. h4 Nd3 23. Rf3 Nf4 (23... Nc5 $11) 24. Rxf4 $16 exf4 25. Qxf4 Qf6 (25... Qb6+ $16 26. Kh1 f6) 26. Qxd6 $18 Qxd6 27. Nxd6 Rad8 28. Nf5 ({Don't do} 28. e5 f6 $14) 28... Rfe8 29. Kf2 {[%emt 0:02:14] Inhibits Be2.} Bc8 (29... g6 $16) 30. Ne3 g6 31. c4 {[%emt 0:01:34][%cal Bc3c4,Bc4c5,Bc5c6,Bc6c7][%mdl 32] Hoping for c5.} Kg7 (31... f5 $142 32. gxf5 (32. exf5 gxf5 33. gxf5 Re5 $18) 32... gxf5 33. exf5 (33. Nxf5 Bxf5 34. exf5 Rc8 $16) 33... Re5) 32. c5 Ba6 33. Rd1 Rc8 34. c6 Bb5 35. Rc1 Kf6 36. Rc5 Ba4 37. Nc4 Rb8 38. c7 Rbc8 39. Nd6 Ke5 40. Nxe8 Bxe8 {[%emt 0:00:07][%mdl 4096] Endgame KRB-KRB} 41. Ke3 Bd7 42. Bf3 g5 43. h5 f6 44. Be2 {[%emt 0:00:24] aiming for Ba6.} Kd6 45. Kd4 a4 (45... Rxc7 $142 46. Rxa5 Rc2) 46. Ra5 Kxc7 47. Rc5+ Kd6 {[%emt 0:00:15] [#]} 48. Rxc8 (48. Rc4 $1 $18) 48... Bxc8 {[%emt 0:00:02] [#] KB-KB} 49. Ke3 $2 (49. Bb5 $1 $16 ) 49... Bd7 $11 {[%emt 0:01:23] The position is equal.} 50. Kf3 Ke5 51. Bd3 Kd4 52. Ba6 Ke5 53. Bb7 Kd6 54. Ba8 Kc5 55. Bb7 Kd6 56. Ba8 Kc5 57. Bb7 Kd6 {[%emt 0:00:14] Black escapes into a draw.  Weighted Error Value: White=0.37/Black=0.20 (precise)} 1/2-1/2

[Event "12th WLC Weekend 2022"]
[Site "Eindhoven"]
[Date "2022.05.15"]
[Round "6.6"]
[White "Bruil, Rembrandt"]
[Black "Hubers, Daan"]
[Result "1-0"]
[ECO "D46"]
[WhiteElo "2122"]
[BlackElo "1818"]
[Annotator "TA"]
[PlyCount "97"]
[EventDate "2022.05.13"]
[EventType "swiss"]
[EventCountry "NED"]
[SourceTitle "playchess.com"]
[Source "ChessBase"]
[SourceQuality "1"]
[TimeControl "5400+30"]

1. d4 d5 2. Nf3 Nf6 3. c4 e6 4. Nc3 c6 5. e3 Bb4 6. Bd3 Nbd7 7. O-O O-O 8. Qc2 Re8 9. Rd1 {[%emt 0:05:18] [#] D46: Semi-Slav: 5 e3 Nbd7 6 Bd3, Black avoids the Meran.} (9. Ne5 {with more complications.} h6 10. a3 Be7 11. Rd1) 9... e5 $146 ({Predecessor:} 9... h6 10. b3 Qe7 11. a3 Bxc3 12. Qxc3 e5 13. dxe5 Nxe5 14. Qxe5 Qxe5 15. Nxe5 Rxe5 16. Bb2 Re8 17. Bxf6 gxf6 18. cxd5 cxd5 {0-1 (34) Ganesan,K (1933)-Chetina,E (1850) Iasi 2013}) 10. dxe5 (10. Nxe5 {is interesting.} Nxe5 11. dxe5 Rxe5 12. cxd5 cxd5 13. Ne2) 10... Nxe5 11. Nxe5 {[%emt 0:05:55] The position is equal.} Rxe5 12. cxd5 cxd5 13. Bd2 Bg4 14. f3 (14. Ne2 $14 Rc8 15. Qa4 Bxd2 16. Rxd2) 14... Bh5 15. Kh1 Rc8 16. Qb3 (16. Rac1 $14) 16... Bd6 17. Ne2 Nd7 18. Bb4 (18. Qxb7 $2 Nc5 19. Ba5 (19. Qb5 $2 Rb8 $19) 19... Qf8 $19) (18. Bc3 $16 Nc5 19. Qc2 Nxd3 20. Qxd3) 18... Bb8 (18... Nc5 $11 19. Bxc5 Bxc5) 19. Nf4 $16 Rc6 {[%emt 0:04:46] [#]} (19... Nb6 $16) 20. Rac1 $2 (20. Nxd5 $6 a5 $16) (20. Bb5 $1 $18 {and the rest is easy.} Rc8 21. Bxd7 (21. Rxd5 Rxd5 22. Qxd5 Nf6 $18) 21... Qxd7 22. Nxd5 (22. Rxd5 Rxd5 23. Nxd5 Kh8 $16)) 20... Rh6 $2 (20... Qc7 $16 {was called for.} 21. Rxc6 bxc6) 21. Qc3 (21. Nxd5 $2 Bxf3 22. Nf6+ (22. gxf3 Rxh2+ 23. Kxh2 Qh4+ 24. Kg2 Rg5+ 25. Kf1 Qh1+ 26. Kf2 Rg2#) 22... gxf6 $19) (21. Bf1 $18) 21... Rc6 22. Qe1 ({White should play} 22. Qd2) 22... Qe8 (22... d4 $16 23. e4 (23. Rxc6 bxc6 24. Qg1 c5 $16) 23... Nf6) 23. Qf2 (23. Qd2 $18 {and White stays clearly on top.}) 23... Rh6 $2 (23... Bg6 $16 {was worth a try.}) 24. Rc2 (24. Bb5 $18 {has better winning chances.}) 24... Nb6 25. Bc5 {[%emt 0:01:32] 0x0.001df4b59e1adp-1022s more active pieces.} Bg6 26. Bd4 (26. g3 $142) 26... Re6 27. h3 ({Resist} 27. Nxe6 Bxh2 28. Bxg7 Bg3+ 29. Bxh6 Bxf2 30. Bxg6 (30. Rxf2 fxe6 31. Bxg6 hxg6 $16) 30... hxg6) 27... Bxf4 28. exf4 {[%emt 0:00:02] [#] And now f5 would win.} Bxd3 29. Rxd3 Re1+ (29... Rc6 $16) 30. Kh2 $18 {[%emt 0:00:01] Strongly threatening Bxb6.} Rhe6 31. Bxb6 axb6 32. Rxd5 Qb8 (32... h6 $142 33. Qd4 Rc6) 33. Qd4 {[%emt 0:01:21] Black must now prevent Rd8+.} Re8 {[%emt 0:01:01] Against Rd8} 34. Rd7 {[%emt 0:00:20] Hoping for Rcc7.} R1e6 35. Rcc7 Rf6 36. Qd5 ({Don't take} 36. Rxb7 Qxf4+ 37. Qxf4 Rxf4 38. Rxb6 Ra4 $18) 36... Rf8 37. Qxb7 {[%emt 0:01:45][%cal Od7f7] aiming for Rxf7!} Qe8 38. Qe4 {[%emt 0:04:25] Inhibits Qe3.} (38. Re7 $18 Qb5 39. Qe4) 38... Re6 (38... Qxe4 $16 39. fxe4 Rxf4) 39. Qd4 Re2 40. Qb4 h5 41. Re7 {[%emt 0:03:01] Prevents Qe3.} Rxe7 42. Rxe7 {[%emt 0:00:07][%mdl 4096] Endgame KQR-KQR} ({Don't play} 42. Qxe7 $6 Qa4 43. Qd6 Qxa2 44. Qxb6 Qe6 $18) 42... Qc6 43. Re2 h4 44. Qe4 Qc1 45. f5 Qc7+ 46. Qe5 Qa7 (46... Qxe5+ 47. Rxe5 Ra8) 47. f6 {[%emt 0:00:13] White wants to mate with Qg5. White is clearly winning.} gxf6 (47... Qb8 $142 48. fxg7 Qxe5+ 49. Rxe5 Kxg7) 48. Qxf6 Rc8 49. Re5 {[%emt 0:01:10] Weighted Error Value: White=0.38/Black=0.66} 1-0

[Event "12th WLC Weekend 2022"]
[Site "Eindhoven"]
[Date "2022.05.15"]
[Round "6.7"]
[White "Klapwijk, Bram"]
[Black "van der Valk, Niklas"]
[Result "1/2-1/2"]
[ECO "B10"]
[WhiteElo "2245"]
[BlackElo "2200"]
[Annotator "TA"]
[PlyCount "103"]
[EventDate "2022.05.13"]
[EventType "swiss"]
[EventCountry "NED"]
[SourceTitle "playchess.com"]
[Source "ChessBase"]
[SourceQuality "1"]
[TimeControl "5400+30"]

1. e4 c6 2. Bc4 e6 3. Bb3 {[%emt 0:04:58] [#]} c5 $146 ({Predecessor:} 3... d5 4. e5 c5 5. c3 Qg5 6. Nf3 Qxg2 7. Rg1 Qh3 8. Rg3 Qh5 9. d4 Ne7 {1-0 (39) Pires,E (2115)-Fernandes,M (2066) Lisbon 2019}) 4. d4 cxd4 5. Nf3 Nf6 6. e5 {[%emt 0:05:11] B10: Caro-Kann: 2 d3 and 2 c4.} Ne4 7. Qxd4 f5 8. exf6 {[%emt 0:01:02] White is slightly better.} Nxf6 9. c3 Nc6 10. Qh4 (10. Qd3 $1 $14 {should be considered.}) 10... g6 (10... Bc5 $11 {remains equal.}) 11. Bg5 Bg7 12. Nbd2 h6 13. Be3 g5 14. Qc4 d5 15. Qd3 O-O 16. O-O-O Bd7 17. Bc5 (17. Rhe1 $14) 17... a5 18. Rhe1 a4 19. Bc2 {[%emt 0:00:06] 0x0.0008426e145bdp-1022s more active pieces.} (19. Bxf8 axb3 20. Bxg7 bxa2 $19) 19... a3 20. b3 {[%emt 0:01:21] [#] And now h4 would win.} Qa5 21. Bd6 $16 Rfc8 22. Ne5 $1 Nxe5 (22... Nb8 $142) 23. Bxe5 Qd8 (23... Bb5 $16 {might work better.} 24. c4 (24. Qg6 Be8 $14) 24... dxc4 25. Nxc4 Bxc4 26. bxc4 Rd8) 24. Re3 {[%emt 0:01:42] Threatens to win with Bxf6.} (24. Qg6 Be8 25. Qd3 Bh5 $14) 24... Qe7 25. Rf3 (25. f4 $18) 25... Rf8 26. Qg6 $2 {[%emt 0:00:22] [#]} (26. h4 $1 $18 {[%cal Rh4g5] Strongly threatening hxg5.} gxh4 27. Rf4 (27. Qg6 Be8 $15)) 26... Be8 $1 $17 27. Qd3 Bh5 28. Re1 Bxf3 29. gxf3 Rf7 30. Nf1 Kf8 31. Ng3 {[%emt 0:00:31] Against Nh5} Ne8 (31... Rc8 $19 {Hoping for ...Ne8.} 32. Re3 Rc6) 32. Nh5 $2 (32. Bxg7+ $17 {is the only way for White.} Rxg7 33. Nf5) 32... Bxe5 $19 33. Rxe5 Qc7 (33... Nf6 $19 34. Qg6 Qd6) 34. Rxe6 $17 {[%emt 0:00:49] Black must now prevent Qd4.} Qxh2 $2 (34... Ra6 $17 35. Re3 Qc5) 35. Rxh6 {[%emt 0:00:30][%mdl 8192] Really sharp!} (35. Qd4 Re7 36. Qh8+ (36. Rxh6 Qe5 $11) 36... Kf7 37. Rf6+ (37. Rxe7+ Kxe7 38. Ng3 Qg1+ 39. Bd1 Qxf2 $19) 37... Nxf6 38. Qg7+ (38. Qxf6+ Ke8 $15) 38... Ke6 39. Bf5+ Kd6 40. Qxf6+ Kc7 41. Qxe7+ Kc6 42. Qd7+ (42. Qe6+ Qd6 $16) 42... Kb6 43. Qe6+ (43. Qxd5 Qg1+ 44. Qd1 Qxd1+ 45. Kxd1 Kc5 $18) 43... Kc7 44. Qe7+ (44. Qxd5 Qg1+ 45. Qd1 Qxd1+ 46. Kxd1 Rf8 $18) 44... Kc6 $18) (35. Qg6 $18 {is the narrow road to win.} Qg1+ 36. Bd1 Qxf2 37. Qxh6+ Rg7 38. Re2) 35... Qg1+ (35... Qxf2 $19 {is more deadly.} 36. Rh8+ Ke7 37. Qxd5 Qe1+ 38. Qd1 Qe5) 36. Qd1 (36. Bd1 $17 Qxf2 37. Be2) 36... Qxd1+ $2 (36... Qxf2 $19 {has better winning chances.} 37. Rh8+ Ke7) 37. Bxd1 Rc8 38. Kd2 Rfc7 ({Better is} 38... Rc5 $17) 39. Bc2 $2 (39. f4 $11 {and White is okay.} Rxc3 40. fxg5) 39... Rxc3 $19 40. Bf5 R8c7 41. f4 {[%emt 0:00:28] [#]} gxf4 $2 (41... Rxb3 $3 $19 42. fxg5 (42. axb3 $2 a2 $19) 42... Rb2+ 43. Ke3 Rxa2 44. Rh8+ Ke7) 42. Nxf4 $11 {[%emt 0:00:07] The position is equal.} R3c6 (42... Rf3 $5 43. Ne6+ Ke7 44. Nxc7 Nxc7 $17) 43. Ne6+ Rxe6 44. Bxe6 {[%emt 0:00:21][%mdl 4096] Endgame KRB-KRN} Rc6 {[%emt 0:00:36] ...Ke7 is the strong threat.} 45. Rh8+ Ke7 46. Bg4 ({Don't play} 46. Bxd5 Rd6 47. Rh7+ Kd8 48. Rxb7 (48. Rh5 $2 Nf6 $19) 48... Nc7 $17) 46... Nf6 {[%emt 0:00:27] Against Rh7+} 47. f3 Nxg4 48. fxg4 Rg6 49. Ra8 Rxg4 50. Rxa3 Kd6 51. Ra7 Kc5 52. Rxb7 {[%emt 0:00:48] Never resign too early!  Weighted Error Value: White=0.65/Black=0.64} 1/2-1/2

[Event "12th WLC Weekend 2022"]
[Site "Eindhoven"]
[Date "2022.05.15"]
[Round "6.8"]
[White "Ciornei, Dragos"]
[Black "Becx, Cesar"]
[Result "0-1"]
[ECO "C45"]
[WhiteElo "2164"]
[BlackElo "2101"]
[Annotator "TA"]
[PlyCount "150"]
[EventDate "2022.05.13"]
[EventType "swiss"]
[EventCountry "NED"]
[SourceTitle "playchess.com"]
[Source "ChessBase"]
[SourceQuality "1"]
[TimeControl "5400+30"]

1. e4 e5 2. Nf3 Nc6 3. d4 exd4 4. Nxd4 Nf6 5. Nxc6 bxc6 6. e5 Qe7 7. Qe2 Nd5 8. c4 Nb6 9. Nc3 Qe6 {[%emt 0:00:06] C45: Scotch Game.} 10. b3 a5 11. a4 Bb4 {[%emt 0:18:11] Black is slightly better.} 12. Bb2 d5 13. exd6 $1 cxd6 {[%emt 0:03:39] White should prevent ...d5.} 14. O-O-O $1 O-O $36 {[%emt 0:02:13][%mdl 2048] Black is more active.} 15. Qxe6 {[%emt 0:11:47] [#]} (15. Qh5 $11) 15... fxe6 $146 (15... Bxe6 $17 16. Bd3 Rfd8) ({Predecessor:} 15... Bxe6 16. Bd3 Nd7 17. Bc2 Nc5 18. Ne2 d5 19. Rd4 Rfe8 20. Nf4 Na6 21. Nxe6 fxe6 {0-1 (57) Kilic,E (1843)-Yargici,M (1970) Kocaeli 2013}) 16. f3 d5 17. cxd5 exd5 18. Bd3 Nd7 (18... Be6 $17 {...d4 is the strong threat.} 19. Bc2 Nd7) 19. Kb1 ({White should try} 19. Bc2 $15) 19... Nc5 $19 20. Bc2 Rb8 $2 (20... Bf5 $1 $17 {aiming for ...Nxb3.} 21. Na2 Nxb3 22. Nxb4 axb4) 21. Na2 $11 {[%emt 0:13:30] Hoping for Be5.} Bf5 22. Nxb4 Rxb4 23. Bxf5 Rxf5 24. Ba3 (24. Ka2 $11) 24... Rxb3+ $17 25. Ka2 Rc3 {[%emt 0:00:05] Black is more active.} 26. Bxc5 Rxc5 {[%emt 0:00:05][%mdl 4096] Endgame KRR-KRR} 27. Rc1 {[%emt 0:00:22] Prevents Rc2+.} d4 28. Kb3 d3 (28... Rfe5 $17 {And now ...Re3+ would win.} 29. Rhd1 Re3+ 30. Kb2 Rg5) 29. Rhd1 $11 Rxc1 30. Rxc1 $15 {[%emt 0:00:11] KR-KR} Rd5 31. Rd1 (31. Kc4 $1 $11) 31... Rd4 $1 $17 32. Rd2 $2 (32. Rc1 $17) 32... Kf7 (32... c5 $1 $19 {and Black stays clearly on top. White must now prevent ...Rb4+.} 33. Kc3 Rxa4) 33. Kc3 Rxa4 34. Kxd3 Ke6 $1 35. Kc3 Ra1 ({Black should play} 35... g6 36. Rb2 h5) 36. Kc4 Rc1+ 37. Kb3 Rc5 38. Ka4 h5 39. h4 $2 (39. Re2+ $17 {was worth a try.} Kd7 40. g3) 39... Kf5 $2 (39... Rc4+ $1 $19 40. Kxa5 Rxh4) 40. Rd4 Ke5 41. Re4+ Kf5 (41... Kd6 $142) 42. Rd4 $1 g6 $1 43. Re4 (43. g4+ $17 Ke5 44. Re4+ Kf6 45. Rd4) 43... Rb5 $1 $19 {[%emt 0:00:55][%cal Ob5b4] Strongly threatening ...Rb4+!} 44. Re8 $2 (44. g3) 44... Kf4 $2 ({Better is} 44... Rb4+ $19 45. Kxa5 Rxh4) 45. Re6 Kf5 46. Rxc6 (46. Re8 $1 $11) 46... Rb4+ $1 47. Kxa5 (47. Ka3 $142 Rxh4 48. Kb3) 47... Rxh4 48. Kb5 Rh2 49. g4+ hxg4 50. fxg4+ Kg5 51. Kb4 Rd2 $2 (51... Rf2 $19 52. Kc3 Rf6) 52. Kc3 $11 Rd1 53. Kc2 {[%emt 0:00:09] Prevents Rc1+.} Rd4 54. Kc3 Rxg4 55. Kd3 Kf4 56. Ke2 Kg3 57. Kf1 Kh2 {[%emt 0:00:29] ( -> ...Rf4+)} 58. Rc2+ $2 {[%emt 0:00:30][%mdl 8192] White is now going downhill.} (58. Kf2 $11) 58... Kh1 {[%emt 0:00:13] Black mates.} 59. Rc6 {[%emt 0:00:35] [#]} Rf4+ $1 60. Ke2 g5 61. Rg6 Rf5 62. Ke3 {[%emt 0:00:40] [#]} Kg2 $1 63. Ke4 Ra5 64. Rb6 g4 65. Kf4 Ra4+ 66. Ke3 Ra2 67. Rb7 Rc2 68. Ra7 g3 69. Rg7 Rc3+ 70. Kd2 Ra3 71. Ke2 Ra6 72. Ke3 Ra8 73. Rg6 Re8+ 74. Kf4 Kf2 75. Rxg3 Rf8+ {[%emt 0:00:05] Weighted Error Value: White=0.78/Black=0.48} 0-1

[Event "12th WLC Weekend 2022"]
[Site "Eindhoven"]
[Date "2022.05.15"]
[Round "6.9"]
[White "Boeren, Jurriaan"]
[Black "Albers, Sasa"]
[Result "0-1"]
[ECO "C02"]
[WhiteElo "1778"]
[BlackElo "2117"]
[Annotator "TA"]
[PlyCount "50"]
[EventDate "2022.05.13"]
[EventType "swiss"]
[EventCountry "NED"]
[SourceTitle "playchess.com"]
[Source "ChessBase"]
[SourceQuality "1"]
[TimeControl "5400+30"]

1. e4 Nc6 2. Nf3 e6 3. d4 d5 4. e5 Nge7 5. c3 f6 6. Bd3 {[%emt 0:06:08] C02: French: Advance Variation.} fxe5 7. dxe5 {[%emt 0:00:59] [#]} Qd7 $146 ({Predecessor:} 7... g6 8. h4 Bg7 9. Qe2 h6 10. Bf4 b6 11. Rh3 Bb7 12. Qc2 Kd7 13. Bxg6 Qf8 {0-1 (56) Dimitrov,P (2468)-Drenchev,P (2439) Plovdiv 2007}) 8. O-O {[%emt 0:08:48] White is better.} g6 9. Re1 Bg7 10. Bg5 Nf5 11. Qd2 Qf7 12. h4 (12. Na3 $14) 12... Bd7 (12... h6 $5 13. Bf6 Bxf6 14. exf6 Bd7 $11) 13. b4 h6 14. Bf4 (14. Bxf5 $11 {remains equal.} gxf5 15. Bf4) 14... O-O-O (14... Nce7 $17) 15. a4 Nce7 16. Bh2 {[%emt 0:07:32] [#]} g5 $1 17. hxg5 $2 {[%emt 0:03:53][%mdl 8192] Loses the game.} ({White should try} 17. h5 $15) 17... hxg5 $19 {[%emt 0:05:13] Strongly threatening ...g4.} 18. Nxg5 Qh5 19. Nh3 Rdg8 20. Qe2 Qh4 21. Nd2 $2 (21. Kh1 Bh6 22. Rg1) 21... Bh6 22. Kh1 Bxd2 23. Qxd2 {[%emt 0:00:12] [#]} Rxg2 $3 24. Bxf5 {[%emt 0:00:34] [#]} (24. Re3 d4) 24... Nxf5 $1 25. Qd3 (25. Re3 d4) 25... Rxh2+ {[%emt 0:01:12] Weighted Error Value: White=1.20/Black=0.13 (very precise)} 0-1

[Event "12th WLC Weekend 2022"]
[Site "Eindhoven"]
[Date "2022.05.15"]
[Round "6.10"]
[White "Straat, Evert-Jan"]
[Black "Roebers, Jan"]
[Result "1/2-1/2"]
[ECO "E71"]
[WhiteElo "2034"]
[BlackElo "2126"]
[Annotator "TA"]
[PlyCount "54"]
[EventDate "2022.05.13"]
[EventType "swiss"]
[EventCountry "NED"]
[SourceTitle "playchess.com"]
[Source "ChessBase"]
[SourceQuality "1"]
[TimeControl "5400+30"]

1. d4 Nf6 2. c4 g6 3. Nc3 Bg7 4. e4 d6 5. h3 O-O 6. Bg5 h6 7. Be3 e5 8. d5 a5 {[%emt 0:01:15] is the legacy move (8...Na6).} 9. Bd3 Na6 {[%emt 0:01:45] E71: King's Indian: 4 e4 d6 5 h3.} 10. Nge2 Nc5 11. Bc2 Bd7 {[%emt 0:03:28] White is slightly better.} 12. g4 Nh7 13. Ng3 Qh4 14. Qf3 {[%emt 0:21:20] [#]} Bf6 $146 (14... Rfb8 $11) ({Predecessor:} 14... Rab8 15. O-O-O b5 16. cxb5 Bxb5 17. Bxc5 dxc5 18. Qe3 Qe7 19. h4 Bd7 20. f3 c4 {½-½ (55) Bauer,R (2232)-Garcia,M (2055) Windsor Locks 2003}) 15. O-O-O Bg5 16. Rdg1 (16. Nf1 $14 {should be considered.}) 16... Kh8 ({Better is} 16... a4 $11) 17. Kb1 a4 (17... Bxe3 $11 {keeps the balance.} 18. Qxe3 Rab8) 18. Qe2 ({White should try} 18. Bxc5 $16 dxc5 19. a3) 18... b6 (18... Bxe3 $11 19. Qxe3 Qg5) 19. f3 (19. Nf1 $14) 19... Bxe3 $11 20. Qxe3 Rab8 (20... b5 $5) 21. Qe2 Rb7 22. Kc1 {[%emt 0:03:30] [#]} (22. Nb5 $14) 22... Rfb8 ({Black should play} 22... b5 $1 $17 23. cxb5 Rfb8) 23. Nb5 $1 Bxb5 24. cxb5 Ra7 25. Bd3 Kg7 (25... a3 $5 26. b3 Kg7 $11) 26. Bc4 Re8 27. Kb1 Kf8 {[%emt 0:02:28] Weighted Error Value: White=0.30/Black=0.34} 1/2-1/2